 Dungeon Crawl Stone Soup version 0.32-a0-329-ge6c31236d6 (webtiles) character file.

Game seed: 9591894574475407885

1688 Xavori the Trooper (level 9, -9/97 HPs)
             Began as a Djinni Chaos Knight on Feb 16, 2024.
             Was a Plaything of Xom.
             Mangled by a wight
             ... wielding a +3 flail
              (11 damage)
             ... in an ossuary.
             The game lasted 00:07:16 (8775 turns).

Xavori the Trooper (Djinni Chaos Knight)            Turns: 8775, Time: 00:07:17

Health: -9/97      AC: 11    Str: 15 (16) XL:     9   Next: 22%
Gold:   303        EV: 11    Int: 17 (19) God:    Xom [......] SH:  8 Dex: 11 (15)

rFire   + + +        a - +0 falchion (chaos)
rCold   x . .        e - +0 kite shield
rNeg    . . .        b - +2 leather armour
rPois   ∞            (helmet restricted)
rElec   .            (no cloak)
rCorr   .            (no gloves)
SInv    .            (boots unavailable)
Will    .....        o - amulet of faith Stlth
                     n - +6 ring of strength
HPRegen 1.16/turn    v - +4 ring of protection
MPRegen 0.00/turn

%: clarity, faith, infuse magic (-10 HP)
@: berserking (expiring), flying, very quick
A: sickness immunity, fire resistance 3, cold vulnerability 1, float, innate
caster, HP casting, extra vitality 1, horns 1, iridescent scales 1, clarity,
clever 1, deterioration 2, regeneration 1, wild magic 1
a: Renounce Religion


You were in an ossuary.
You worshipped Xom.
You were a very special plaything of Xom.
You visited 1 branch of the dungeon, and saw 7 of its levels.
You also visited: Sewer and Ossuary.

You collected 303 gold pieces.

Inventory:

Hand Weapons
 a - a +0 falchion of chaos (weapon)
Armour
 b - a +2 leather armour (worn)
 e - a +0 kite shield (worn)
Jewellery
 d - a ring of wizardry
 j - an amulet of reflection
 n - a +6 ring of strength (left hand)
 o - an amulet of faith (around neck)
 v - a +4 ring of protection (right hand)
 y - a ring of protection from fire
Wands
 s - a wand of flame (15)
 u - a wand of charming (9)
Scrolls
 c - a scroll of butterflies
 h - 2 scrolls of poison
 k - 2 scrolls of enchant weapon
 t - 3 scrolls of fog
 w - 2 scrolls of immolation
 z - a scroll of brand weapon
 B - a scroll of blinking {unknown}
 C - a scroll of identify
Potions
 f - 2 potions of might
 g - a potion of haste
 i - 2 potions of lignification
 m - a potion of mutation {unknown}
 p - a potion of invisibility {unknown}
 q - a potion of ambrosia {unknown}
 x - 2 potions of degeneration {unknown}
 A - a potion of magic {unknown}


   Skills:
 + Level 5.2 Fighting
 + Level 4.7 Long Blades
 + Level 4.3 Armour
 + Level 5.2 Dodging
 + Level 3.9 Shields
 * Level 4.1 Spellcasting
 * Level 4.1 Conjurations
 * Level 4.1 Hexes
   Level 0.0 Charms
 * Level 4.1 Summonings
 * Level 4.1 Necromancy
 * Level 4.1 Translocations
   Level 0.0 Transmutations
 * Level 4.1 Fire Magic
 * Level 4.1 Ice Magic
 * Level 4.1 Air Magic
 * Level 4.1 Earth Magic
 * Level 4.1 Alchemy


You knew the following spells:

 Your Spells              Type           Power      Damage    Failure   Level
a - Necrotise             Necr           88%        1d8       16%         1
b - Searing Ray           Conj           44%        2d6       22%         2
c - Confusing Touch       Hex            22%        N/A       41%         3
d - Call Canine Familiar  Summ           22%        N/A       41%         3
Your spell library was empty.

Dungeon Overview and Level Annotations

Branches:
Dungeon (7/15)             Temple (0/1) D:7           Sewer (visited)
Ossuary (1/1)

Altars:
Ashenzari
Gozag
Makhleb
Qazlal
Xom

Shops:
D:6 [


Innate Abilities, Weirdness & Mutations

You are immune to sickness and miasma.
You are immune to poison.
Your flesh is almost immune to the effects of heat. (rF+++)
You are vulnerable to cold. (rC-)
You float through the air rather than walking.
You learn spells naturally, not from books.
Your magical power is your life essence.
You have superior vitality. (+4 MHP)
You have a pair of small horns on your head.
You are partially covered in iridescent scales. (AC +2)
You possess an exceptional clarity of mind.
Your mind is acute. (Int +4, Str/Dex -1)
Your body often deteriorates upon taking damage.
Your natural rate of healing is unusually fast.
Your spells are a little harder to cast, but a little more powerful.


Message History

You are covered in intense liquid fire!
You shake off some of the fire as you move.
The liquid fire burns you!
You shake off the liquid fire.
The wight misses you. The smoke demon gestures at you. Xom smites you!
* * * LOW HITPOINT WARNING * * *
The wight attacks as it pursues you! The wight barely misses you.
The smoke demon gestures at you. Xom smites you!
* * * LOW HITPOINT WARNING * * *
Your body deteriorates!
You feel weakened.
It was a potion of berserk rage.
A red film seems to cover your vision as you go berserk!
You feel yourself moving faster!
You feel mighty! The wight closely misses you. The wight misses you.
There are monsters nearby!
You barely miss the wight.
The wight is heavily damaged.
Xom decides to shift things around a little.
The wight blinks!
The burial acolyte blinks!
The wight blinks!
There's a creature in the doorway!
You completely miss the wight.
The wight is moderately damaged.
You block the wight's attack. The wight closely misses you.
You barely miss the wight.
The wight is moderately damaged.
The wight hits you with a +3 flail!
* * * LOW HITPOINT WARNING * * *
The wight hits you with a +2 short sword.
* * * LOW HITPOINT WARNING * * *
You closely miss the wight.
The wight is heavily damaged.
The wight hits you with a +3 flail.
* * * LOW HITPOINT WARNING * * *
You slash the wight!
You destroy the wight!
You block the wight's attack. The wight hits you with a +3 flail!
You die...

#######################
#....................Z.
#.∩....................
#.......#####)#####....
#......##...@z....## .
#.....##...#####...##
#....##...##...##...##
#....#...##.??..##...#
#....#...#.!.!.!.'...#
#....#...##.?!!.##...#
#....##...##...##...##
#.....##...#####...##
#......##.........##


You could see a wight (fast).

Vanquished Creatures
  A steam dragon (D:6)
  Pargi (Sewer)
  A black bear (D:6)
  An ice beast (D:6)
  An ogre (D:6)
  A tengu (D:6)
  A phantom (D:4)
  A brain worm (Sewer)
  A scorpion (D:5)
  A bullfrog (Sewer)
  A wight (Ossuary)
  A bombardier beetle (D:3)
  4 hounds
  A jelly (D:4)
  An orc priest (D:5)
  A gnoll bouda (D:5)
  2 iguanas (D:5)
  Ijyb (D:4)
  An orc wizard (D:5)
  A sleepcap (D:6)
  A mummy (Ossuary)
  3 gnolls (D:5)
  7 adders
  A white imp (D:6)
  2 ufetubi (D:3)
  2 dart slugs
  7 orcs (D:5)
  7 endoplasms
  2 giant cockroaches
  4 goblins
  4 hobgoblins
  3 jackals (D:3)
  5 quokkas (D:5)
  7 ball pythons
  7 bats
  5 frilled lizards
  4 gnoll skeletons (Ossuary)
  6 kobolds
  6 kobold skeletons (Ossuary)
  4 orc skeletons (Ossuary)
  4 rats
115 creatures vanquished.

Vanquished Creatures (collateral kills)
  Eustachio (D:4)
  A gnoll (D:5)
  An orc (D:5)
3 creatures vanquished.

Vanquished Creatures (others)
  A black bear (D:5)
1 creature vanquished.

Grand Total: 119 creatures vanquished

Notes
Turn   | Place    | Note
-------+----------+-------------------------------------------
     0 | D:1      | Xavori the Djinni Chaos Knight began the quest for the Orb.
     0 | D:1      | Reached XP level 1. HP: 20/20 MP: 0/0
    55 | D:1      | XOM: silly message
    61 | D:1      | Reached XP level 2. HP: 24/25 MP: 0/0
    75 | D:1      | XOM: divination: magic mapping
   184 | D:1      | Reached XP level 3. HP: 29/30 MP: 0/0
   184 | D:1      | Learned a level 1 spell: Necrotise
   185 | D:1      | Reached skill level 1 in Spellcasting
   185 | D:1      | Reached skill level 1 in Conjurations
   185 | D:1      | Reached skill level 1 in Hexes
   185 | D:1      | Reached skill level 1 in Summonings
   185 | D:1      | Reached skill level 1 in Necromancy
   185 | D:1      | Reached skill level 1 in Translocations
   185 | D:1      | Reached skill level 1 in Fire Magic
   185 | D:1      | Reached skill level 1 in Ice Magic
   185 | D:1      | Reached skill level 1 in Air Magic
   185 | D:1      | Reached skill level 1 in Earth Magic
   185 | D:1      | Reached skill level 1 in Alchemy
   320 | D:1      | XOM: give mutations
   320 | D:1      | Gained mutation: Potions are less effective at restoring
                  | your health. [Xom's mischief]
   320 | D:1      | Gained mutation: Your body sometimes deteriorates upon
                  | taking damage. [Xom's mischief]
   320 | D:1      | Gained mutation: You are clumsy. (Dex -2) [Xom's mischief]
   320 | D:1      | Gained mutation: Your flesh is almost immune to the effects
                  | of heat. (rF+++) [Xom's mischief]
   352 | D:1      | Found a faded altar of an unknown god.
   884 | D:1      | XOM: god gift: 36 gold pieces
   908 | D:1      | XOM is BORED!
   908 | D:1      | XOM: summons 3 hostile shadow creatures
  1284 | D:1      | XOM: give mutation
  1284 | D:1      | Gained mutation: You are frail. (-10% HP) [Xom's mischief]
  1433 | D:1      | XOM: god gift: scroll labelled ZACUMU ITES {god gift}
  1928 | D:1      | XOM is BORED!
  2698 | D:1      | XOM: silly message
  3069 | D:1      | XOM: give mutations
  3069 | D:1      | Gained mutation: Your body often deteriorates upon taking
                  | damage. [Xom's mischief]
  3069 | D:1      | Lost mutation: You are frail. (-10% HP) [Xom's mischief]
  3069 | D:1      | Gained mutation: You have a pair of small horns on your
                  | head. [Xom's mischief]
  3069 | D:1      | Lost mutation: Potions are less effective at restoring your
                  | health. [Xom's mischief]
  3107 | D:1      | XOM: give mutation
  3107 | D:1      | Lost mutation: You are clumsy. (Dex -2) [Xom's mischief]
  3483 | D:1      | XOM: stat loss: -1 Str (10/11)
  4323 | D:1      | XOM: god gift: orcbow {god gift}
  4628 | D:1      | XOM: cloud trail
  4677 | D:1      | XOM is BORED!
  4677 | D:1      | XOM: give mutation
  4677 | D:1      | Gained mutation: You possess an exceptional clarity of
                  | mind. [Xom's mischief]
  4846 | D:1      | XOM: give mutations
  4846 | D:1      | Gained mutation: Your mind is acute. (Int +4, Str/Dex -1)
                  | [Xom's grace]
  4846 | D:1      | Gained mutation: Your natural rate of healing is unusually
                  | fast. [Xom's grace]
  4846 | D:1      | Gained mutation: You are partially covered in iridescent
                  | scales. (AC +2) [Xom's grace]
  4847 | D:1      | XOM: give mutation
  4847 | D:1      | Gained mutation: Your spells are a little harder to cast,
                  | but a little more powerful. [Xom's grace]
  5144 | D:2      | XOM: fog
  5169 | D:2      | Reached XP level 4. HP: 31/35 MP: 0/0
  5420 | D:2      | XOM: snakes to sticks
  5592 | D:3      | Reached XP level 5. HP: 40/40 MP: 0/0
  5592 | D:3      | Learned a level 2 spell: Searing Ray
  5786 | D:3      | XOM: scenery: create altars
  5836 | D:3      | Reached skill level 1 in Shields
  5908 | D:3      | XOM: scenery: create altars
  6144 | D:3      | XOM: summons 1 hostile demon
  6230 | D:4      | Noticed Ijyb
  6259 | D:4      | Killed Ijyb
  6343 | D:4      | Reached XP level 6. HP: 46/46 MP: 0/0
  6545 | D:4      | Found a burning altar of Makhleb.
  6547 | D:4      | Found a broken altar of Ashenzari.
  6565 | D:4      | Noticed Eustachio
  6567 | D:4      | XOM: summons 6 friendly demons
  6575 | D:4      | Killed Eustachio
  6662 | D:4      | Identified the +1 robe "Kymig" {Will+}
  6720 | D:4      | XOM: divination: magic mapping
  6726 | D:4      | XOM: cleaving
  6740 | D:4      | Reached XP level 7. HP: 49/52 MP: 0/0
  6740 | D:4      | Learned a level 3 spell: Confusing Touch
  6858 | D:4      | XOM: torment (27/52 hp)
  7058 | D:5      | Entered Level 5 of the Dungeon
  7086 | D:5      | XOM: potion effect (brilliance)
  7102 | D:5      | XOM: polymorph something unseen -> hound
  7187 | D:5      | Found a glowing drain.
  7187 | D:5      | XOM: divination: detect items
  7198 | D:5      | XOM: noise
  7219 | D:5      | XOM: summons 6 friendly demons
  7256 | D:5      | XOM: potion effect (brilliance)
  7262 | D:5      | HP: 2/78 [gnoll/+0 halberd[a gnoll bouda] (3)]
  7267 | D:5      | XOM: potion effect (heal wounds)
  7278 | D:5      | XOM: silly message
  7342 | D:5      | Reached XP level 8. HP: 48/58 MP: 0/0
  7511 | Sewer    | Entered a sewer
  7566 | Sewer    | Noticed Pargi
  7579 | Sewer    | Killed Pargi
  8281 | D:6      | Found Ygammuthri's Armour Boutique.
  8318 | D:6      | Found a stormy altar of Qazlal.
  8339 | D:6      | Found an opulent altar of Gozag.
  8392 | D:6      | XOM: chaos upgrade
  8409 | D:6      | XOM: 5-stop teleportation journey
  8418 | D:6      | Reached skill level 5 in Fighting
  8426 | D:6      | Reached XP level 9. HP: 28/65 MP: 0/0
  8426 | D:6      | Learned a level 3 spell: Call Canine Familiar
  8429 | D:6      | XOM: 4-stop teleportation journey
  8479 | D:6      | Reached skill level 5 in Dodging
  8503 | D:6      | XOM: 4-stop teleportation journey
  8524 | D:6      | XOM: smoke on damage
  8591 | D:6      | XOM: summons 5 hostile demons
  8592 | D:6      | Noticed a rust devil
  8633 | D:7      | Found a sand-covered staircase.
  8642 | Ossuary  | Entered an ossuary
  8673 | Ossuary  | XOM: 2-stop teleportation journey
  8750 | Ossuary  | XOM: swap monsters
  8756 | Ossuary  | XOM: blink monster(s)
  8764 | Ossuary  | XOM: summons 1 hostile demon
  8765 | Ossuary  | Noticed a smoke demon
  8768 | Ossuary  | HP: 3/65 [smoke demon/divine providence[Xom] (14)]
  8770 | Ossuary  | XOM: blink monster(s)
  8773 | Ossuary  | HP: 3/97 [wight/+3 flail (7)]
  8773 | Ossuary  | HP: 1/97 [wight/+2 short sword (2)]
  8775 | Ossuary  | Mangled by a wight

Illustrated notes

Levels and vault maps discovered:
D:1:      dpeg_chamrin_arrival_tetris, layout_rooms,
          shapermc_ecumenical_altar_venn
D:2:      layout_basic, serial_park_tiny_2
D:3:      layout_loops_ring, grunt_decor_mini_mirrors
D:4:      layout_layer_cave, nicolae_overflow_hidden_temple, uniq_eustachio,
          uniq_ijyb
D:5:      layout_basic, nicolae_vehumet_altar_sigil, portal_sewer_entry_f
D:6:      layout_loops_ring, mainiacjoe_overflow_tiny_flanked,
          mainiacjoe_overflow_alcove_4, serial_shops, shop
D:7:      layout_cave_pools, nicolae_ru_great_annihilating_truth,
          minmay_temple_entry_glassed_door, enter_ossuary_1, enter_bailey_5,
          uniq_maggie
Ossuary:  ossuary_due_mausoleum

Skill      XL: |  1  2  3  4  5  6  7  8  9 |
---------------+----------------------------+-----
Spellcasting   | 1 2 3 4 |  4.1
Conjurations   | 1 2 3 4 |  4.1
Hexes          | 1 2 3 4 |  4.1
Summonings     | 1 2 3 4 |  4.1
Necromancy     | 1 2 3 4 |  4.1
Translocations | 1 2 3 4 |  4.1
Fire Magic     | 1 2 3 4 |  4.1
Ice Magic      | 1 2 3 4 |  4.1
Air Magic      | 1 2 3 4 |  4.1
Earth Magic    | 1 2 3 4 |  4.1
Alchemy        | 1 2 3 4 |  4.1
Long Blades    | 3 4 |  4.7
Shields        | 1 2 3 |  3.9
Armour         | 2 3 4 |  4.3
Dodging        | 3 4 5 |  5.2
Fighting       | 4 5 |  5.2

Action                     |  1- 3 |  4- 6 |  7- 9 || total
---------------------------+-------+-------+-------++-------
  Melee: Falchion          |    65 |   119 |   287 ||   471
         Headbutt          |     1 |    22 |    70 ||    93
   Cast: Necrotise         |       |       |     3 ||     3
  Evoke: Wand              |       |       |     1 ||     1
    Use: Scroll            |     1 |       |     8 ||     9
         Potion            |       |       |     6 ||     6
   Stab: Sleeping          |     1 |       |     1 ||     2
         Petrified         |       |     2 |     1 ||     3
         Paralysed         |       |     1 |     1 ||     2
         Confused          |       |       |     3 ||     3
 Armour: Leather armour    |    61 |    76 |   265 ||   402
         Skin              |       |       |    18 ||    18
  Dodge: Dodged            |    45 |    59 |   226 ||   330
  Block: Kite shield       |    12 |    46 |   230 ||   288

Table legend: (Time is in decaauts)
 A = Elapsed time spent in this place.
 B = Non-inter-level travel time spent in this place.
 C = Inter-level travel time spent in this place.
 D = Time resting spent in this place.
 E = Time spent auto-exploring this place.
 F = Levels seen in this place.
 G = Mean time per level.
                   A        B        C        D        E       F      G
               +--------+--------+--------+--------+--------+-----+--------+
         Total |   8885 |   8738 |    147 |   4616 |   2921 |   9 |  987.2 |
       Dungeon |   8532 |   8385 |    147 |   4581 |   2805 |   7 | 1218.9 |
         Sewer |    211 |    211 |      0 |     35 |     94 |   1 |  211.0 |
       Ossuary |    140 |    140 |      0 |      0 |     22 |   1 |  140.0 |
               +--------+--------+--------+--------+--------+-----+--------+

Top non-repeatable levels by time:
     D:1: 5086 daAuts
     D:5: 1043 daAuts
     D:4: 858 daAuts
     D:3: 701 daAuts
     D:2: 469 daAuts
     D:6: 359 daAuts
   Sewer: 211 daAuts
 Ossuary: 140 daAuts
     D:7: 13 daAuts
